[Event "*** Titled Tuesday Blitz"]
[Site "Chess.com"]
[Date "2020.11.10"]
[Round "8"]
[White "Unknown_IM"]
[Black "Ajedrez_con_German"]
[Result "1-0"]
[WhiteElo "2394"]
[BlackElo "2535"]
[TimeControl "180+1"]
[EndTime "11:34:47 PST"]
[Termination "Unknown_IM won on time"]

1. e4 e6 2. d4 d5 3. Bd3 a6 4. e5 c5 5. c3 Nc6 6. Nf3 Qb6 7.
O-O cxd4 8. cxd4 Bd7 9. Be2 Nge7 10. Nc3 Nf5 11. Na4 Qa7 12. Be3 b5 13. Nc3 Be7 14. Bd3 Nxe3 15. fxe3 O-O 16. Ne2 Rac8 17. Nf4 Nb4 18.
Bb1 Qc7 19. a3 Nc2 20. Qd3 Qc4 21. Bxc2 Qxc2 22. Qxc2 Rxc2 23. Rac1 Rfc8 24. Rxc2 Rxc2 25. Rf2 Rc1+ 26. Rf1 Rc2 27. Rf2 Rc1+ 28. Rf1 Rxf1+ 29.
Kxf1 b4 30. axb4 Bxb4 31. Ke2 Bb5+ 32. Kd1 a5 33. h4 a4 34. Kc1 Bc4 35. h5 h6 36. Nd2 Bb5 37. Kc2 Kf8 38. Nb1 Bc4 39. Na3 Bb3+ 40. Kc1 Ke7 41. Nd3 Bxa3 42. bxa3 Bc4 43.
Nc5 Bf1 44. g3 Be2 45. Nxa4 Bxh5 46. Nc3 Bf3 47. Kd2 g5 48. Ke1 h5 49. Kf2 Bg4 50. e4 dxe4 51. Nxe4 h4 52. Nxg5 hxg3+ 53. Kxg3 Bf5 54. Kf4 Bg6 55. Ne4 Kd7 56. Nc3 Kc6 57. Kg5 Kb6 58. Kf6 Kc6 59. a4 Kb6 60. d5 exd5 61. Nxd5+ Ka5 62. Nc3 Kb4 63. e6 fxe6 64. Kxg6 e5 65. Kf5 1-0

[Event "*** Titled Tuesday Blitz"]
[Site "Chess.com"]
[Date "2020.11.10"]
[Round "8"]
[White "PlotnikovPavel"]
[Black "Sofiia_Hryzlova"]
[Result "0-1"]
[WhiteElo "2445"]
[BlackElo "2314"]
[TimeControl "180+1"]
[EndTime "11:34:47 PST"]
[Termination "Sofiia_Hryzlova won on time"]

1. e4 c5 2. Nc3 a6 3. Nge2 Nc6 4. d4 cxd4 5. Nxd4 Nf6 6. Be3 d6 7. Qf3 Ne5 8. Qg3 h5 9. h4 Neg4 10. O-O-O Bd7 11. Bg5 b5 12. Nd5 Rc8 13. Bd3 Qa5 14.
Kb1 e6 15. Bd2 exd5 16. Bxa5 dxe4 17. Rhe1 d5 18. f3 Bc5 19. Nb3 Bf2 20. Qd6 Bxe1 21. Rxe1 Nf2 22. Bb4 Kd8 23. Qe7+ Kc7 24. Ba5+ Kb7 25.
Nc5+ Kc6 26. fxe4 Rhe8 27. Qxf7 Kxc5 28. e5 N6e4 29. b4+ Kc6 30. Qg6+ Re6 31. Qxg7 Nxd3 32. cxd3 Nc3+ 33. Kb2 d4 34. Rc1 Rce8 35. Qg3 Rxe5 36. Qf3+ Rd5 37. Qf6+ Re6 38. Qd8 Re2+ 39. Kb3 Kd6 40.
Bc7+ Ke6 41. Qg8+ Ke7 42. Qg7+ Ke6 43. Qg8+ Ke7 44. Qh7+ Ke6 45. Qxh5 Rxh5 46. g4 Rxh4 47. Rg1 Re1 48. Rxe1+ Kd5 49. Re5+ Kc6 50. Bd8 Rxg4 51. Rc5+ Kd6 52. Bc7+ Ke7 53. Re5+ Be6+ 54. Kc2 Kd7 55. Kc1 Rg1+ 56. Kc2 Rg2+ 57. Kc1 Rxa2 58.
Rh5 Rg2 0-1

[Event "*** Titled Tuesday Blitz"]
[Site "Chess.com"]
[Date "2020.11.10"]
[Round "8"]
[White "mbojan"]
[Black "kirillshevchenko"]
[Result "1-0"]
[WhiteElo "2680"]
[BlackElo "2848"]
[TimeControl "180+1"]
[EndTime "11:34:48 PST"]
[Termination "mbojan won by resignation"]

1. g3 Nf6 2. Bg2 g6 3. d3 Bg7 4. Nd2 O-O 5. e4 e5 6. Nh3 d5 7.
O-O Nc6 8. f3 Be6 9. Nf2 a5 10.
a4 Qd7 11. Re1 Rad8 12. c3 b6 13. Qe2 Nh5 14. Nf1 f5 15. Bg5 Nf6 16. exf5 Bxf5 17.
Ne3 Be6 18. Neg4 Nxg4 19. Nxg4 Rde8 20. Nh6+ Kh8 21. Rad1 d4 22. c4 Nb4 23. b3 Na6 24. Ng4 Bf5 25. Nf2 Nc5 26. Rb1 h6 27. Bc1 h5 28.
Ba3 Bh6 29. Bxc5 bxc5 30. Ne4 Be3+ 31. Kh1 Qe7 32. Qf1 Rd8 33. Rbd1 Kg7 34. Bh3 Rh8 35.
Qg2 Rdf8 36. Bxf5 gxf5 37. Nd2 Kh7 38. Nf1 f4 39. gxf4 exf4 40. Qh3 Qe5 41. Re2 Rhg8 42.
Nd2 Rf6 43. Ne4 Rfg6 44. Ree1 R8g7 45. Rf1 Kg8 46. Rde1 Kf8 47. Qc8+ Ke7 48. Qh3 Kd8 49. Qh4+ Kc8 50. Qh3+ Kb7 51. Rb1 Kb6 52. Qh4 Qf5 53. Qd8 Qh3 54. Qb8+ Ka6 55. Qb5+ Ka7 56. Qxa5+ Ra6 57.
Qxc5+ Kb7 58. Rg1 Rg2 59. Rxg2 Qd7 60. Qb5+ Rb6 61. Nc5+ 1-0

[Event "*** Titled Tuesday Blitz"]
[Site "Chess.com"]
[Date "2020.11.10"]
[Round "8"]
[White "jens1102"]
[Black "FMJoseHerrera"]
[Result "0-1"]
[WhiteElo "2375"]
[BlackElo "2571"]
[TimeControl "180+1"]
[EndTime "11:34:49 PST"]
[Termination "FMJoseHerrera won by checkmate"]

1. Nf3 f6 2. d4 g6 3. e4 Kf7 4. c4 Kg7 5. Nc3 d6 6. h4 h5 7. Be2 Nh6 8. Bxh6+ Rxh6 9. Qd3 Nc6 10. a3 a6 11. d5 Ne5 12. Nxe5 dxe5 13. O-O-O b5 14.
c5 e6 15. Bf3 Bxc5 16. Kb1 Rb8 17. g4 exd5 18. g5 Rh8 19. gxf6+ Qxf6 20. Nxd5 Qf7 21.
Rc1 Bd6 22. Bg2 Be6 23. Rhf1 Bxd5 24. exd5 Qf4 25. Be4 Rh6 26. Rg1 Qxh4 27. Bxg6 Kh8 28. Rh1 Qd4 29. Qf5 Rf8 30. Qg5 Qf4 31. Rxh5 Qxg5 32.
Rxg5 Rxf2 33. Rcg1 Be7 34. R5g4 Rhh2 35. Ka1 Rh4 36. R4g3 Rf8 37. Bb1 Bc5 38. R1g2 Bd4 39. Rg4 Rxg4 40. Rxg4 Rf2 41. Rh4+ Kg7 42. Rh7+ Kf6 43.
Rxc7 Rxb2 44. Rc6+ Ke7 45. Rc7+ Kd6 46. Rc8 Rb3+ 47.
Ka2 Rb2+ 48. Ka1 Kxd5 49. Rd8+ Kc4 50. Rxd4+ Kxd4 51. Kxb2 a5 52. Kc2 b4 53. a4 e4 54.
Ba2 e3 55. Be6 Ke5 56. Bd7 Kd4 57.
Be6 Ke5 58. Bf7 Kf4 59. Kd3 Kf3 60. Bd5+ Kf2 61. Kc4 e2 62. Kb5 e1=Q 63. Kxa5 Qc3 64. Kb5 b3 65. Bxb3 Qxb3+ 66. Ka5 Ke3 67. Ka6 Kd4 68.
a5 Kc5 69. Ka7 Kc6 70. a6 Kc7 71. Ka8 Qb8# 0-1

[Event "*** Titled Tuesday Blitz"]
[Site "Chess.com"]
[Date "2020.11.10"]
[Round "8"]
[White "IsuruAlahakoon"]
[Black "wnstop"]
[Result "0-1"]
[WhiteElo "2459"]
[BlackElo "2708"]
[TimeControl "180+1"]
[EndTime "11:34:50 PST"]
[Termination "wnstop won on time"]

1. d4 Nf6 2. Bg5 d5 3. Nd2 c5 4. e3 Nc6 5. c3 Qb6 6. Qc2 e6 7. Ngf3 Bd7 8. Bd3 Rc8 9. a3 Be7 10. O-O c4 11. Be2 h6 12. Bh4 Qd8 13. Rae1 b5 14.
e4 Nxe4 15. Bxe7 Nxe7 16. Nxe4 dxe4 17. Qxe4 Bc6 18. Qg4 O-O 19. Ne5 Bd5 20. Bd1 Nc6 21. Bc2 Qg5 22. Qh3 Qd2 23. Rc1 Nxe5 24. dxe5 Rfd8 25. Rfd1 Qf4 26. Re1 Bb7 27. Qe3 Qxe3 28. Rxe3 Rd2 29. Kf1 Rcd8 30. f3 a5 31. Re2 Kf8 32. Ke1 Rxe2+ 33. Kxe2 Rd5 34. f4 Ke7 35. Be4 Rd7 36. Bxb7 Rxb7 37. Rd1 b4 38. axb4 axb4 39. Rd4 bxc3 40. bxc3 Rc7 41. Rd2 g5 42. g3 f6 43.
exf6+ Kxf6 44. fxg5+ hxg5 45. Rd4 e5 46. Rd6+ Kf5 47. h3 Ke4 48. Rg6 Ra7 49. Rxg5 Ra2+ 50. Kf1 Rc2 51. h4 Rxc3 52. h5 Ra3 53. h6 Ra6 54. Rh5 Ra8 55. h7 Rh8 56. Ke2 c3 57. Kd1 Kf3 0-1

[Event "*** Titled Tuesday Blitz"]
[Site "Chess.com"]
[Date "2020.11.10"]
[Round "8"]
[White "yourstrulyme"]
[Black "gumimis"]
[Result "1-0"]
[WhiteElo "2384"]
[BlackElo "2198"]
[TimeControl "180+1"]
[EndTime "11:34:50 PST"]
[Termination "yourstrulyme won by checkmate"]

1. d4 Nf6 2. Nf3 g6 3. Bg5 Bg7 4. Nbd2 O-O 5. c3 b6 6. e4 Bb7 7. Bd3 d6 8. O-O Nbd7 9. Re1 e5 10. h3 Re8 11. a4 h6 12. Bh4 g5 13. Bg3 Nh5 14.
Nxe5 Nxe5 15. Bxe5 dxe5 16. Qxh5 exd4 17. Bc4 Re7 18. Rad1 dxc3 19. Nf3 Qf8 20. bxc3 Bxc3 21. Re3 Bg7 22. Nd4 Rxe4 23. Rxe4 Bxe4 24. Qg4 Rd8 25. Qxe4 Qc5 26. Bxf7+ Kxf7 27. Qe6+ Kf8 28. Rd3 Rxd4 29. Rf3+ Rf4 30. Re3 Qxe3 31. fxe3 Rf7 32. e4 Re7 33. Qc8+ Kf7 34. Qb7 a5 35. Kf2 Be5 36. Kf3 Bd6 37. Qd5+ Kg7 38. Kg4 Re5 39. Qd4 Kg6 40. Kf3 h5 41.
Ke2 h4 42. Kd3 Rc5 43. Ke2 Re5 44. Kf3 Rc5 45. Kg4 Re5 46. Qc4 Rc5 47. Qg8+ Kf6 48. Kh5 Re5 49. Qh7 Ke6 50. Kg6 Rc5 51. Qf7+ Ke5 52.
Kxg5 Kd4+ 53. Kxh4 Kxe4 54. Qf3+ Ke5 55. g4 Ke6 56. g5 Be7 57. Qg4+ Kf7 58. Qf4+ Kg7 59. Qd4+ Kf7 60. Kh5 Rxg5+ 61. Kh6 Rg6+ 62. Kh7 Rf6 63. Qd5+ Kf8 64. Qg8# 1-0

[Event "*** Titled Tuesday Blitz"]
[Site "Chess.com"]
[Date "2020.11.10"]
[Round "8"]
[White "lilleper1"]
[Black "Chernobay_Artem"]
[Result "0-1"]
[WhiteElo "2814"]
[BlackElo "2652"]
[TimeControl "180+1"]
[EndTime "11:34:51 PST"]
[Termination "Chernobay_Artem won by resignation"]

1. e4 c5 2. Nf3 d6 3. Bb5+ Nd7 4. O-O a6 5. Bd3 Ngf6 6. c3 b5 7. Bc2 c4 8. b3 Bb7 9. Qe2 Rc8 10. Na3 Qc7 11. bxc4 bxc4 12. Rb1 Ba8 13. Rb4 Nb6 14. e5 Bxf3 15. Qxf3 dxe5 16. Ba4+ Nxa4 17. Rxa4 e4 18. Qe2 e6 19. Rxc4 Bc5 20. d4 exd3 21. Qxd3 O-O 22.
Be3 Qd6 23. Qxd6 Bxd6 24. Rxc8 Rxc8 25. Nb1 Nd5 26. Bd2 Be5 27. Rc1 Rc4 28. Na3 Ra4 29. c4 Nb6 30. c5 Nd5 31. Nc4 Bc7 32.
a3 f6 33. Kf1 e5 34. Ke2 e4 35. f3 f5 36. fxe4 fxe4 37. Be3 Kf7 38. Bd4 g6 39.
Bg1 Ke6 40. Rc2 h5 41. Kd2 Bf4+ 42. Ke2 Bc7 43. Bd4 Bxh2 44. Bf2 Bc7 45. Kd1 g5 46. Kc1 Bf4+ 47. Kb2 e3 48. Be1 Rxc4 49. Rxc4 Nc7 50. Rc2 Kd5 51. Kb3 Ne6 52. c6 Nd4+ 53. Kb2 Nxc2 54. Kxc2 Kxc6 55. Kd3 Kd5 56. Bc3 g4 57. Be1 g3 58. Bc3 h4 59. Ke2 Ke4 60. Kf1 h3 61. gxh3 Kf3 62. Be1 g2+ 63. Kg1 Bg3 64. Bb4 Bf2+ 0-1

[Event "*** Titled Tuesday Blitz"]
[Site "Chess.com"]
[Date "2020.11.10"]
[Round "8"]
[White "KacperPolOK"]
[Black "DonPreuss"]
[Result "1-0"]
[WhiteElo "2432"]
[BlackElo "2225"]
[TimeControl "180+1"]
[EndTime "11:34:51 PST"]
[Termination "KacperPolOK won by resignation"]

1. e4 e5 2. f4 d5 3. exd5 c6 4. fxe5 Qh4+ 5. g3 Qe4+ 6. Qe2 Qxh1 7. Nf3 Bh3 8. dxc6 Nxc6 9. d4 Qxf1+ 10. Qxf1 Bxf1 11.
Kxf1 Nge7 12. c4 Nb4 13. Nc3 O-O-O 14. d5 h6 15. Nd4 Ng6 16. Bf4 Nxf4 17. gxf4 Bc5 18.
Nde2 Nc2 19. Rc1 Ne3+ 20. Ke1 Bb4 21. a3 Bxc3+ 22. Rxc3 Nf5 23. b4 Kd7 24. Kf2 Rc8 25. Kf3 Rc7 26. Ke4 Rhc8 27. c5 g6 28. Nd4 Nxd4 29. Kxd4 a6 30. a4 Ra8 31. d6 Rcc8 32.
Kd5 Rc6 33. b5 axb5 34. axb5 Ra4 35. Rf3 Rc8 36. f5 gxf5 37. Rxf5 Rf8 38. c6+ bxc6+ 39. bxc6+ Kc8 40. Rf3 Ra5+ 41. Kd4 Re8 42. d7+ Kd8 43. dxe8=Q+ Kxe8 44. Rf6 h5 45. Rh6 Ra4+ 46. Kd5 Ke7 47. c7 Ra5+ 48. Kc6 Ra6+ 49. Kb7 Rxh6 50. c8=Q Re6 51.
Qc7+ Kf8 52. h4 Kg7 53. Kc8 Kf8 54. Qc5+ Kg7 55. Kd7 Kg6 56. Qd5 Kf5 57. Qxe6+ fxe6 58. Kd6 Kg4 59. Kxe6 Kxh4 60. Kf5 Kg3 61. e6 h4 62.
e7 h3 63. e8=Q h2 64. Qc6 h1=Q 65. Qxh1 1-0

[Event "*** Titled Tuesday Blitz"]
[Site "Chess.com"]
[Date "2020.11.10"]
[Round "8"]
[White "Jospem"]
[Black "Igor_Lysyj"]
[Result "1/2-1/2"]
[WhiteElo "2915"]
[BlackElo "2835"]
[TimeControl "180+1"]
[EndTime "11:34:52 PST"]
[Termination "Game drawn - insufficient material"]

1. e4 e5 2. Nf3 Nc6 3. Bb5 a6 4. Ba4 Nf6 5. O-O Bc5 6. d3 d6 7. c3 O-O 8. h3 Ba7 9. Nbd2 Ne7 10. d4 Ng6 11. Re1 c5 12. Bc2 b5 13. d5 c4 14. b3 cxb3 15. axb3 Qc7 16. c4 Bd7 17.
Bd3 Bc5 18. Nf1 b4 19. Be3 a5 20. Bc2 Qb6 21. Kh2 Rfb8 22. Bxc5 Qxc5 23. Ne3 Be8 24. g3 Ne7 25. Rf1 Qc8 26. Ne1 Bd7 27. h4 Bh3 28.
Rg1 Bg4 29. f3 Bd7 30. Nd3 Ne8 31. c5 Bb5 32. c6 f5 33. Nf2 g6 34. exf5 gxf5 35.
g4 f4 36. Nf5 Qc7 37. Nh6+ Kg7 38. g5 Qb6 39. Nfg4 Qd4 40. Qxd4 exd4 41. Rad1 Nxd5 42. Rxd4 Bxc6 43. Be4 Nec7 44. Rc1 Ra6 45. Nf5+ Kf8 46. Bd3 Bb5 47. Be4 Bc6 48. Nxd6 a4 49. bxa4 b3 50. Ne5 b2 51. Rxc6 Rxc6 52. Nxc6 Rb6 53. Ne5 Rxd6 54.
Rd2 Rb6 55. Bb1 Nc3 56. Nc4 Rb4 57. Rxb2 Rxb2+ 58. Nxb2 Nxb1 59. Nd3 Nc3 60. Nxf4 Nxa4 61. Kg3 Nc5 62. Nh5 Kf7 63. Nf6 Kg6 64. f4 h5 65. f5+ Kxf5 66. Nxh5 N7e6 67. Kh3 Ne4 68. Ng3+ Nxg3 69. Kxg3 Nxg5 70. hxg5 Kxg5 1/2-1/2

[Event "*** Titled Tuesday Blitz"]
[Site "Chess.com"]
[Date "2020.11.10"]
[Round "8"]
[White "Anton_Demchenko"]
[Black "GothamChess"]
[Result "1-0"]
[WhiteElo "2839"]
[BlackElo "2642"]
[TimeControl "180+1"]
[EndTime "11:34:55 PST"]
[Termination "Anton_Demchenko won by resignation"]

1. e4 e5 2. Nf3 Nf6 3. Nxe5 Nc6 4. Nxc6 dxc6 5. d3 Bc5 6. Be3 Bxe3 7. fxe3 O-O 8. Be2 Qe7 9. O-O Rd8 10. Qe1 Qc5 11.
Nc3 Qxe3+ 12. Qf2 Qg5 13. Rae1 Be6 14. a3 b6 15. Bf3 Ng4 16. Bxg4 Qxg4 17. Nd1 c5 18. Ne3 Qg5 19. b3 Rd7 20. a4 Re8 21. Qf4 Qxf4 22. Rxf4 a5 23. Kf2 f6 24. g4 Rd4 25. Rg1 h6 26. h4 Rf8 27. Ke2 c6 28. Nf5 Rd7 29. Rf2 b5 30. Ra1 c4 31. axb5 cxd3+ 32.
cxd3 cxb5 33. Rxa5 Bxb3 34. Rxb5 Bc2 35. Rd5 Ra7 36. Ke3 Bb3 37. Rd6 Re8 38. Rg2 Be6 39.
Nd4 Bc8 40. Ne2 Ra3 41. Nf4 Bb7 42. Rd4 Ba8 43. Nd5 Bb7 44. Rb2 Ra7 45. Rb6 Bxd5 46. Rxd5 Ra1 47. Rbd6 Kh7 48. Rd8 Re7 49. R5d7 Rxd7 50. Rxd7 Rg1 51. Kf3 Rf1+ 52. Kg3 Rg1+ 53. Kf3 Rh1 54. h5 Rf1+ 55. Kg2 Rd1 56. Rd5 Kg8 57. Kg3 Kf7 58. Rd7+ Kf8 59. Kf4 Rf1+ 60. Ke3 Rg1 61. Kf3 Rf1+ 62. Kg2 Rd1 63. Kf2 Rd2+ 64.
Kf3 Rd1 65. d4 Rd3+ 66. Kf4 Rd1 67. Kf5 Rg1 68. d5 Kg8 69. Ra7 Kh7 70. d6 Rf1+ 71.
Ke6 1-0

[Event "*** Titled Tuesday Blitz"]
[Site "Chess.com"]
[Date "2020.11.10"]
[Round "8"]
[White "cottage_cheese"]
[Black "dopolian"]
[Result "1/2-1/2"]
[WhiteElo "2164"]
[BlackElo "2337"]
[TimeControl "180+1"]
[EndTime "11:34:57 PST"]
[Termination "Game drawn by repetition"]

1. e4 Nc6 2. Nf3 e5 3. Bb5 a6 4.
Ba4 Nf6 5. O-O Nxe4 6. d4 b5 7.
Bb3 d5 8. dxe5 Be6 9. Nbd2 Be7 10. c3 O-O 11. Qe2 Nc5 12. Bc2 d4 13. cxd4 Nxd4 14. Nxd4 Qxd4 15. Qh5 g6 16. Qe2 Rfd8 17. Nf3 Qc4 18.
Qxc4 Bxc4 19. Rd1 Rxd1+ 20. Bxd1 Rd8 21. Be3 Nd3 22. b3 Be6 23. Bc2 Nb4 24. Be4 Bd5 25.
Bxd5 Rxd5 26. Kf1 Nc2 27. Rc1 Nxe3+ 28. fxe3 c5 29. Ke2 Kf8 30. Rd1 Rxd1 31. Kxd1 Ke8 32. Nd2 Kd7 33. Ke2 Ke6 34. Nf3 h6 35. Kd3 Kd5 36. e4+ Ke6 37. a4 Bd8 38. axb5 axb5 39. h3 Bc7 40. Ne1 Bxe5 41. Nc2 Kd6 42. Ne3 Bd4 43.
Nd5 f5 44. Nf4 g5 45. Ne2 fxe4+ 46. Kxe4 Bb2 47. Ng3 Ke6 48. Nf5 h5 49. Ng3 h4 50.
Ne2 c4 51. bxc4 bxc4 52. Ng1 Bf6 53. Nf3 c3 54. Kd3 Kf5 55. Ng1 Be5 56. Ne2 Bg7 57. Ng1 Ke6 58. Ne2 Bf6 59. Ke3 Kd5 60. Kd3 Be5 61.
Nxc3+ Bxc3 62. Kxc3 Ke4 63. Kd2 Kf4 64. Ke2 Kg3 65. Kf1 Kf4 66. Kf2 g4 67. hxg4 Kxg4 68. Kg1 h3 69. Kh1 h2 70. Kxh2 Kh4 71. g3+ Kg4 72.
Kg2 Kg5 73. Kf3 Kf5 74. g4+ Kg5 75. Kg3 Kg6 76. Kf4 Kf6 77. g5+ Kg6 78. Kg4 Kg7 79. Kf5 Kf7 80. g6+ Kg7 81. Kg5 Kg8 82. Kh6 Kh8 83.
Kh5 Kg7 84. Kg5 Kg8 85. Kf5 Kf8 86. Kg5 Kg7 87. Kf5 Kg8 88. Kg4 Kg7 89. Kg5 1/2-1/2

[Event "*** Titled Tuesday Blitz"]
[Site "Chess.com"]
[Date "2020.11.10"]
[Round "8"]
[White "MrChampion_Coach"]
[Black "Aygehovit1992"]
[Result "0-1"]
[WhiteElo "2518"]
[BlackElo "2677"]
[TimeControl "180+1"]
[EndTime "11:35:01 PST"]
[Termination "Aygehovit1992 won on time"]

1. e4 c5 2. Nf3 d6 3. d4 cxd4 4. Nxd4 Nf6 5. Nc3 g6 6. Be3 Nc6 7. f3 h5 8. Qd2 Nxd4 9. Bxd4 Bh6 10. Qf2 Be6 11. Bb5+ Kf8 12. O-O a6 13. Bd3 Bg7 14. f4 Ng4 15. Bxg7+ Kxg7 16. Qd4+ f6 17. h3 Nh6 18. f5 Bf7 19. Rf3 g5 20. Rd1 Rc8 21. Ne2 Qa5 22. h4 Qe5 23. Qxe5 dxe5 24. hxg5 fxg5 25.
b3 Kf6 26. c4 Rhd8 27. Rff1 Ng4 28. Rf3 h4 29. Rc1 Bh5 30. Nc3 Rd4 31. Nd5+ Kf7 32. Be2 Nf6 33. Re3 Bxe2 34. Rxe2 Nxd5 35. exd5 Rxd5 36. Rce1 Rdc5 37. Rxe5 Rxe5 38. Rxe5 Rc6 39. Kf2 Kf6 40. Rd5 Rd6 41. Rc5 Rd2+ 42. Kf3 Rxa2 43.
Rc7 b5 44. cxb5 axb5 45. Rb7 Kxf5 46. Rxb5+ e5 47. g4+ hxg3 48. Kxg3 Rb2 49. Kf3 g4+ 50. Ke3 g3 51. Rb8 g2 52. Rg8 Rxb3+ 53. Kf2 Rb2+ 54. Kg1 Ke4 55. Rg3 Kf4 56. Rg8 e4 57. Rf8+ Ke3 58. Re8 Kd3 59. Rd8+ Ke3 60. Re8 Rc2 61. Rf8 Kd2 62. Rf2+ Kd3 63. Rf8 e3 64. Rd8+ Kc3 0-1

[Event "*** Titled Tuesday Blitz"]
[Site "Chess.com"]
[Date "2020.11.10"]
[Round "8"]
[White "Fins0905"]
[Black "Chessalary"]
[Result "0-1"]
[WhiteElo "2618"]
[BlackElo "2474"]
[TimeControl "180+1"]
[EndTime "11:35:02 PST"]
[Termination "Chessalary won by checkmate"]

1. c4 e6 2. d4 d5 3. Nc3 c6 4.
cxd5 exd5 5. Qc2 Bd6 6. Nf3 Ne7 7. Bg5 Bf5 8. Qc1 O-O 9. e3 Nd7 10. Be2 f6 11. Bh4 Ng6 12. Bg3 Qe7 13. O-O Bxg3 14.
hxg3 Rfe8 15. a3 Qd6 16. b4 Rac8 17. Na4 b6 18. Qc3 c5 19. bxc5 bxc5 20. dxc5 Nxc5 21. Nxc5 Qxc5 22. Qxc5 Rxc5 23. Nd4 Bd7 24. Rfb1 Rec8 25.
Rb7 R8c7 26. Rab1 Rc1+ 27. Kh2 Kf7 28. Bf3 Ne7 29. Rxc1 Rxb7 30. Rc5 Be6 31. Ra5 g5 32. Nb5 Nc8 33. Nd4 Ne7 34. Bh5+ Ng6 35. Nb5 Ke7 36. Rxa7 Rxa7 37. Nxa7 Bd7 38. Be2 Kd6 39. Nb5+ Kc5 40. Nd4 Ne5 41. Kg1 Nc4 42. Bxc4 dxc4 43. Kf1 c3 44.
Ke2 Kc4 45. Kd1 Kd3 46. Kc1 c2 47. Nxc2 Ke2 48. f4 Kf2 49. fxg5 fxg5 50. e4 Kxg3 51. Nd4 Kf4 52. Nf3 g4 53. Nd2 h5 54. Kd1 Kg3 55. e5 Kf4 56. e6 Bxe6 57. Ke2 h4 58. Kf2 Bd5 59. Nf1 h3 60. gxh3 gxh3 61.
Nh2 Bc6 62. Kg1 Bb5 63. Nf1 Kf3 64. Nh2+ Kg3 65. Nf1+ Bxf1 66. a4 h2+ 67. Kh1 Bg2# 0-1

[Event "*** Titled Tuesday Blitz"]
[Site "Chess.com"]
[Date "2020.11.10"]
[Round "8"]
[White "hansen"]
[Black "starworld123"]
[Result "1-0"]
[WhiteElo "2894"]
[BlackElo "2680"]
[TimeControl "180+1"]
[EndTime "11:35:03 PST"]
[Termination "hansen won by checkmate"]

1. e4 c5 2. Nf3 d6 3. d4 cxd4 4. Nxd4 Nf6 5. Nc3 a6 6. Be2 e5 7. Nb3 Be7 8. Bg5 O-O 9. Bxf6 Bxf6 10. Qd3 Be6 11. Nd5 Nd7 12. Rd1 Rc8 13. c3 b5 14.
O-O Bxd5 15. Qxd5 Be7 16. Qb7 Ra8 17. c4 bxc4 18. Bxc4 Qc8 19. Qb4 Nf6 20. Bd5 Rb8 21. Qa4 Rb6 22. Rc1 Qg4 23. Qc4 g6 24. Rc2 Nxd5 25.
Qxd5 Rb5 26. Qc6 Rfb8 27. h3 Qh4 28. Re1 a5 29. Ree2 Qf6 30. g3 Qe6 31. Kg2 h6 32. Nc1 h5 33. h4 Kg7 34. b3 R8b6 35. Qc4 d5 36. exd5 Qxd5+ 37. Qxd5 Rxd5 38. Red2 Rxd2 39. Rxd2 Ba3 40. Ne2 Bb4 41. Rd5 Kf6 42. f4 exf4 43.
Nxf4 Rc6 44. Kf3 Rc2 45. a3 Bxa3 46. Rxa5 Rc3+ 47. Ke4 Rxb3 48. Ra7 Bd6 49. Ra6 Ke7 50. Nd5+ Kd7 51. Nf6+ Ke6 52. Ne8 Rb4+ 53. Kd3 Rb3+ 54.
Kc4 Rxg3 55. Nxd6 Rg4+ 56. Kd3 Rxh4 57. Ke3 Ke7 58. Ne4 Rh3+ 59. Kf4 Rb3 60. Ra7+ Kf8 61. Ng5 Rb4+ 62. Ke3 Kg8 63. Nxf7 h4 64. Ne5 h3 65.
Nf3 Rb3+ 66. Kf4 g5+ 67. Kg4 Kf8 68. Rh7 Rb4+ 69. Kxg5 Rb3 70. Ne5 Rb5 71. Kf6 Ke8 72.
Rh8# 1-0

[Event "*** Titled Tuesday Blitz"]
[Site "Chess.com"]
[Date "2020.11.10"]
[Round "8"]
[White "KaterinaMiroshnik"]
[Black "Grieve72"]
[Result "1/2-1/2"]
[WhiteElo "2557"]
[BlackElo "2394"]
[TimeControl "180+1"]
[EndTime "11:35:06 PST"]
[Termination "Game drawn - insufficient material"]

1. d3 g6 2. Nf3 Bg7 3. Nbd2 Nc6 4. e4 d6 5. Be2 f5 6. O-O Nf6 7. c3 O-O 8. Qc2 e5 9. Re1 Qe7 10. b3 f4 11. Bb2 Bd7 12. d4 Rae8 13. Bf1 h6 14. c4 g5 15. h3 g4 16. hxg4 Nxg4 17.
dxe5 dxe5 18. c5 Kh7 19. a3 Qf7 20. b4 Qh5 21. b5 Nd8 22. Bc4 Nf7 23. a4 Ng5 24.
Qd3 Rd8 25. Nxg5+ Qxg5 26. Nf3 Qh5 27. Qb3 Bc8 28. Rad1 Bf6 29. Rxd8 Bxd8 30. c6 b6 31. Ba3 Rf6 32. Qd3 Qe8 33. Rd1 Be7 34. Bxe7 Qxe7 35. Qd8 Qxd8 36. Rxd8 Be6 37. Bxe6 Rxe6 38. Rd7+ Kg6 39.
Rxc7 Kf6 40. Rxa7 Rd6 41. Kf1 Rd1+ 42. Ke2 Rc1 43. a5 bxa5 44. c7 Rb1 45. c8=Q Rb2+ 46. Kd3 Nxf2+ 47. Kc3 Nd1+ 48. Kc4 Rc2+ 49. Kb3 Rxc8 50.
Rxa5 Nf2 51. Ra6+ Ke7 52. Nxe5 Nxe4 53. Ng6+ Kf7 54. Ka3 Nc5 55. Ra7+ Kxg6 56. b6 Kf5 57. Rc7 Rb8 58. Rxc5+ Ke4 59. Rb5 h5 60. Rb3 h4 61. Ka4 Kd5 62. Ka5 Ke4 63. Ka6 h3 64. Rxh3 Kf5 65. Ka7 Rg8 66. b7 Rxg2 67. b8=Q Ra2+ 68.
Kb7 Rb2+ 69. Kc7 Rxb8 70. Kxb8 Kg4 71. Rh8 f3 72. Kc7 f2 73. Rf8 Kg3 74. Kd6 Kg2 75. Ke5 f1=Q 76. Rxf1 Kxf1 1/2-1/2

[Event "*** Titled Tuesday Blitz"]
[Site "Chess.com"]
[Date "2020.11.10"]
[Round "8"]
[White "ARTHURMOTIVATOR"]
[Black "Mikasinski"]
[Result "0-1"]
[WhiteElo "2358"]
[BlackElo "2487"]
[TimeControl "180+1"]
[EndTime "11:35:12 PST"]
[Termination "Mikasinski won on time"]

1. e4 c5 2. b3 Nc6 3. Bb2 a6 4. Nf3 d6 5. d4 cxd4 6. Nxd4 Nf6 7. Bd3 Ne5 8. O-O g6 9. f4 Nxd3 10. cxd3 Bg7 11. f5 Qb6 12. Nd2 Nd7 13. Nf3 Ne5 14.
Kh1 Nxf3 15. Qxf3 Bxd4 16. fxg6 fxg6 17. Qf7+ Kd8 18. Bxd4 Qxd4 19. Rac1 Bd7 20. e5 dxe5 21.
Rc4 Qd6 22. d4 e4 23. d5 Bb5 24. Qg7 Bxc4 25. Qxh8+ Kd7 26. Qxa8 Bxf1 27. Qxb7+ Qc7 28. Qb4 Bb5 29. h3 Qc1+ 30. Kh2 Qf4+ 31. Kh1 Qd6 32.
Qxe4 a5 33. Qg4+ Kd8 34. Qe4 Bd7 35. Qd4 e5 36. Qd2 Qb4 37. Qg5+ Qe7 38. Qd2 Qc5 39. Qg5+ Qe7 40. Qd2 e4 41. d6 Qe5 42. Qd1 e3 43. Qe2 Qxd6 44. Qxe3 Qd1+ 45. Kh2 Qd6+ 46. Kh1 Bc6 47.
Qg5+ Kc7 48. Qe3 Qd1+ 49. Kh2 Qd6+ 50. Kh1 Kb7 51. Qc3 Qd5 52. Qg7+ Ka6 53. Qb2 Qe4 54. Qf2 h5 55. Qf1+ Kb6 56. Qf2+ Ka6 57. Qf1+ Kb7 58. Qf7+ Ka8 59. Qf8+ Kb7 60. Qf7+ Kc8 61. Qf8+ Kd7 62. Qf7+ Kd6 63. Qf6+ Kc5 64. Qf2+ Qd4 65. Qc2+ Kb6 66. Qxg6 h4 67. Qc2 Qf4 68. Qe2 Qg3 69. Qd2 Qxh3+ 70. Kg1 Qg3 71. Qd4+ Kb7 72. Qc5 h3 73. Qe7+ Kb6 0-1

[Event "*** Titled Tuesday Blitz"]
[Site "Chess.com"]
[Date "2020.11.10"]
[Round "8"]
[White "MarcoRiehle"]
[Black "GameOverBro"]
[Result "1-0"]
[WhiteElo "2680"]
[BlackElo "2522"]
[TimeControl "180+1"]
[EndTime "11:35:13 PST"]
[Termination "MarcoRiehle won by resignation"]

1. e4 d6 2. d4 Nf6 3. f3 e5 4. d5 c6 5. c4 h5 6. Be3 a6 7.
Qd2 Be7 8. Nc3 Nbd7 9. Bd3 Qc7 10. Nge2 Rb8 11. O-O c5 12. a3 Nf8 13. b4 N6d7 14. Rab1 Ng6 15. Bc2 O-O 16. Ba4 b6 17. Bxd7 Bxd7 18.
bxc5 bxc5 19. Qc2 h4 20. Rxb8 Qxb8 21. Rb1 Qd8 22. Qb3 Bg5 23. Bf2 f5 24. Qb6 Qf6 25.
Qxa6 Bd2 26. Rb6 Nf4 27. Rxd6 Qg5 28. Nxf4 exf4 29. Rxd7 h3 30. g3 fxg3 31. hxg3 Bxc3 32. Qe6+ Kh8 33. Kh2 Qd2 34. exf5 Qxf2+ 35. Kxh3 Qxf3 36. Qg6 Qh1+ 37. Kg4 Qe4+ 38. Kh3 Qxf5+ 39. Qxf5 Rxf5 40. Rc7 Be5 41. Rxc5 Rf3 42. Kg4 Rxg3+ 43. Kf5 Bf6 44. a4 Kh7 45. a5 Kh6 46. Rc8 Rf3+ 47. Ke6 Ra3 48. Ra8 Re3+ 49. Kf5 Rf3+ 50. Ke6 Re3+ 51. Kd6 Bd4 52. c5 g5 53. a6 Rc3 54. c6 g4 55. a7 g3 56. Rh8+ Bxh8 57. a8=Q Bf6 58.
Qf8+ Kg6 59. Qg8+ Kf5 60. Qe6+ Kg5 61. c7 g2 62. Qg8+ Kf4 63. Qxg2 Be5+ 64. Ke6 Rxc7 65. d6 Bxd6 66. Kxd6 Rc3 67. Qf2+ Rf3 68. Qd4+ Kg3 69. Ke5 Rf2 70. Qd3+ Kg2 71. Ke4 Rf7 72. Qc2+ Rf2 73. Qc6 Rf3 74. Qg6+ Rg3 75. Qf5 Rg8 76. Qf3+ Kg1 77.
Qe3+ Kh1 78. Qe1+ Kh2 79. Qd2+ Rg2 80. Qd1 Kh3 81. Kf3 Rg3+ 82. Kf4 Rg4+ 83. Qxg4+ 1-0